 Dungeon Crawl Stone Soup version 0.24-a0-581-gc0fa660 (webtiles) character file.

Game seed: 10631298228052114161

2734166 lyrin the Slayer (level 27, 173/217 HPs)
             Began as a Halfling Assassin on Aug 24, 2019.
             Was the Champion of Qazlal.
             Escaped with the Orb
             ... and 4 runes!
             The game lasted 02:26:01 (55206 turns).

lyrin the Slayer (Halfling Assassin)               Turns: 55206, Time: 02:26:01

Health: 173/217    AC: 23    Str: 18    XL:     27
Magic:  38/38      EV: 28    Int: 15    God:    Qazlal [******]
Gold:   6063       SH: 32    Dex: 29    Spells: 16/36 levels left

rFire    + . .     SeeInvis +   a - +12 Vampire's Tooth {vamp}
rCold    . . .     Gourm    .   w - +1 shield
rNeg     . . .     Faith    .   i - +4 ring mail of the Lobster {Regen+ rCorr Dex+4 Slay+6}
rPois    .         Spirit   .   (no helmet)
rElec    .         Reflect  +   J - +2 cloak {MR+}
rCorr    +         Harm     .   C - +3 pair of gauntlets of War {Slay+5}
MR       ++++.                  K - +1 pair of boots of Broken Taboos {Slay+6 SInv}
Stlth    +.........             P - amulet of Xom's Ringing Laughter {Reflect rF+ MR+ Slay+4 SH+5}
HPRegen  0.86/turn              t - ring "Buycri" {Str+3 Dex+5 Slay+5}
MPRegen  0.26/turn              m - ring "Orebi" {Slay+6 SInv}

@: studying Translocations, repel missiles
A: small, mutation resistance 1, MP-powered wands
0: Orb of Zot
}: 4/15 runes: serpentine, barnacled, silver, abyssal
a: Upheaval, Elemental Force, Disaster Area, Renounce Religion


You escaped.
You worshipped Qazlal.
Qazlal was exalted by your worship.
You were very hungry.

You visited 10 branches of the dungeon, and saw 47 of its levels.
You visited the Abyss 1 time.
You also visited: Bailey and Ice Cave.

You collected 7846 gold pieces.
You spent 1783 gold pieces at shops.

Inventory:

Hand Weapons
 a - the +12 Vampire's Tooth (weapon) {vamp}
   (You took it off a merfolk on level 4 of the Shoals)

   It inflicts no extra harm, but heals its wielder when it wounds a living foe.
 y - a +9 quick blade of pain
 X - a +9 rapier of electrocution
Missiles
 d - 110 poisoned darts
 e - 22 curare-tipped darts
 z - 6 throwing nets (quivered)
 U - 6 atropa-tipped darts
Armour
 i - the +4 ring mail of the Lobster (worn) {Regen+ rCorr Dex+4 Slay+6}
   (You found it on level 3 of the Shoals)

   It affects your dexterity (+4).
   It affects your accuracy and damage with ranged weapons and melee attacks
   (+6).
   It increases your rate of regeneration.
   It provides partial protection from all sources of acid and corrosion.
 w - a +1 shield (worn)
 C - the +3 pair of gauntlets of War (worn) {Slay+5}
   (You found it on level 3 of the Elven Halls)

   It affects your accuracy and damage with ranged weapons and melee attacks
   (+5).
 E - the +2 helmet "Oligyiq" {-Tele rF+ Dex+5}
   (You found it on level 5 of the Depths)

   It affects your dexterity (+5).
   It protects you from fire.
   It prevents most forms of teleportation.
 J - a +2 cloak of magic resistance (worn)
 K - the +1 pair of boots of Broken Taboos (worn) {Slay+6 SInv}
   (You bought it in a shop on level 5 of the Dungeon)

   It affects your accuracy and damage with ranged weapons and melee attacks
   (+6).
   It lets you see invisible.
Jewellery
 b - the ring of Gail {rF+ MR+ SInv Stlth+}
   (You acquired it on level 2 of the Orcish Mines)

   [ring of see invisible]

   It protects you from fire.
   It affects your resistance to hostile enchantments.
   It lets you see invisible.
   It makes you more stealthy.
 m - the ring "Orebi" (right hand) {Slay+6 SInv}
   (You took it off a deep elf annihilator on level 3 of the Elven Halls)

   [ring of slaying]

   It affects your accuracy and damage with ranged weapons and melee attacks
   (+6).
   It lets you see invisible.
 o - an uncursed ring of wizardry
 t - the ring "Buycri" (left hand) {Str+3 Dex+5 Slay+5}
   (You found it on level 3 of the Elven Halls)

   [ring of slaying]

   It affects your strength (+3).
   It affects your dexterity (+5).
   It affects your accuracy and damage with ranged weapons and melee attacks
   (+5).
 A - the ring of Jamuyros {*Contam rPois rN++ Str+3 Dex+3}
   (You took it off a fire giant on level 5 of the Vaults)

   [ring of poison resistance]

   It affects your strength (+3).
   It affects your dexterity (+3).
   It protects you from poison.
   It greatly protects you from negative energy.
   It causes magical contamination when unequipped.
 O - the ring of Adonnan {rCorr Dex+4 Slay+2}
   (You found it on level 15 of the Dungeon)

   [ring of resist corrosion]

   It affects your dexterity (+4).
   It affects your accuracy and damage with ranged weapons and melee attacks
   (+2).
   It provides partial protection from all sources of acid and corrosion.
 P - the amulet of Xom's Ringing Laughter (around neck) {Reflect rF+ MR+ Slay+4 SH+5}
   (You found it on level 5 of the Vaults)

   [amulet of reflection]

   It shields you and reflects attacks.
   It affects your accuracy and damage with ranged weapons and melee attacks
   (+4).
   It protects you from fire.
   It affects your resistance to hostile enchantments.
   It affects your SH (+5).
 T - the ring of the Jackalope {rF+ rC+ Dex+4}
   (You took it off a tengu reaver on level 5 of the Vaults)

   [ring of protection from fire]

   It affects your dexterity (+4).
   It protects you from fire.
   It protects you from cold.
Wands
 M - a wand of acid (20)
 Q - a wand of digging (13)
 W - a wand of iceblast (25)
Scrolls
 g - 4 scrolls of magic mapping
 h - 6 scrolls of blinking
 k - 18 scrolls of teleportation
 l - a scroll of fog
 n - 12 scrolls of enchant armour
 q - 25 scrolls of remove curse
 x - a scroll of summoning
 B - 25 scrolls of identify
 G - 2 scrolls of amnesia
 N - 5 scrolls of fear
Potions
 c - 4 potions of agility
 j - 2 potions of ambrosia
 p - 22 potions of curing
 r - 10 potions of flight
 s - 20 potions of mutation
 u - 12 potions of lignification
 v - 17 potions of brilliance
 D - 3 potions of haste
 F - 3 potions of heal wounds
 H - 2 potions of invisibility
 I - 3 potions of resistance
 L - 4 potions of berserk rage
 S - a potion of magic {unknown}
 V - 8 potions of cancellation
 Z - a potion of might
Books
 Y - a manual of Translocations
Comestibles
 f - 77 rations


   Skills:
 * Level 25.1 Fighting
 - Level 14.0 Short Blades
 - Level 2.0 Throwing
 - Level 15.0 Armour
 - Level 12.5 Dodging
 - Level 4.3 Stealth
 - Level 20.0 Shields
 - Level 5.0 Spellcasting
 - Level 8.0 Hexes
 - Level 6.0 Charms
 - Level 5.0 Summonings
 - Level 10.0 Necromancy
 - Level 5.0 Ice Magic
 - Level 15.0 Air Magic
 * Level 22.6 Invocations
 - Level 0.2 Evocations


You had 16 spell levels left.
You knew the following spells:

 Your Spells              Type           Power        Failure   Level  Hunger
a - Regeneration          Chrm/Necr      ####......   3%          3    ###....
b - Ozocubu's Armour      Chrm/Ice       ###.....     9%          3    ###....
c - Summon Lightning Spi  Summ/Air       ####....     4%          4    ####...
d - Confusing Touch       Hex            ####..       1%          1    None
e - Silence               Hex/Air        #####.....   6%          5    ######.
f - Song of Slaying       Chrm           ###.....     3%          2    ##.....
g - Passwall              Tmut/Erth      #.......     36%         2    ##.....

Your spell library contained the following spells:

 Spells                   Type           Power        Failure   Level  Hunger
 Animate Skeleton         Necr           N/A          1%          1    None
 Corona                   Hex            ####...      1%          1    None
 Pain                     Necr           ####         1%          1    None
 Shock                    Conj/Air       ####         1%          1    None
 Corpse Rot               Necr           N/A          1%          2    ##.....
 Poisonous Vapours        Pois/Air       ####..       1%          2    ##.....
 Slow                     Hex            ####....     1%          2    ##.....
 Sublimation of Blood     Necr           ####......   1%          2    ##.....
 Swiftness                Chrm/Air       #####...     1%          2    ##.....
 Vampiric Draining        Necr           ####......   1%          3    ###....
 Airstrike                Air            #####.....   1%          4    ####...
 Infusion                 Chrm           ###.         2%          1    None
 Freeze                   Ice            ###.         3%          1    None
 Summon Butterflies       Summ           ###.....     3%          1    None
 Summon Small Mammal      Summ           ###.         3%          1    None
 Confuse                  Hex            ####....     3%          3    ###....
 Static Discharge         Conj/Air       ####....     3%          3    ###....
 Call Imp                 Summ           ###.....     4%          2    ##.....
 Spectral Weapon          Hex/Chrm       ###.....     4%          3    ###....
 Animate Dead             Necr           N/A          4%          4    ####...
 Summon Guardian Golem    Hex/Summ       ###.....     5%          3    ###....
 Call Canine Familiar     Summ           ###.....     10%         3    ###....
 Mephitic Cloud           Conj/Pois/Air  ###.....     10%         3    ###....
 Cause Fear               Hex            ####......   10%         4    ####...
 Shroud of Golubria       Chrm/Tloc      ##....       12%         2    ##.....
 Agony                    Necr           ####....     12%         5    ######.
 Dispel Undead            Necr           ####....     12%         5    ######.
 Throw Frost              Conj/Ice       ##....       14%         2    ##.....
 Dazzling Spray           Conj/Hex       ###...       16%         3    ###....
 Inner Flame              Hex/Fire       ###.....     16%         3    ###....
 Portal Projectile        Hex/Tloc       ###...       16%         3    ###....
 Beastly Appendage        Tmut           #.....       26%         1    None
 Flame Tongue             Conj/Fire      #....        26%         1    None
 Magic Dart               Conj           #...         26%         1    None
 Sandblast                Erth           #.....       26%         1    None
 Sting                    Conj/Pois      #...         26%         1    None
 Excruciating Wounds      Chrm/Necr      ####......   26%         5    ######.
 Summon Ice Beast         Ice/Summ       ###.....     32%         4    ####...
 Lightning Bolt           Conj/Air       ####......   32%         5    ######.
 Searing Ray              Conj           #.....       36%         2    ##.....
 Sticks to Snakes         Tmut           #.......     36%         2    ##.....
 Throw Flame              Conj/Fire      #.....       36%         2    ##.....
 Fulminant Prism          Conj/Hex       ###.......   45%         4    ####...
 Leda's Liquefaction      Hex/Erth       ###.......   45%         4    ####...
 Metabolic Englaciation   Hex/Ice        ###.......   45%         5    ######.
 Summon Mana Viper        Hex/Summ       ###.....     45%         5    ######.
 Deflect Missiles         Chrm/Air       #####.....   47%         6    #######
 Conjure Flame            Conj/Fire      #.......     61%         3    ###....
 Gell's Gravitas          Tloc           #.........   61%         3    ###....
 Ignite Poison            Fire/Tmut/Pois #.......     61%         3    ###....
 Spider Form              Tmut/Pois      #.........   61%         3    ###....
 Stone Arrow              Conj/Erth      #.....       61%         3    ###....
 Ice Form                 Ice/Tmut       ##......     67%         4    ####...
 Throw Icicle             Conj/Ice       ##......     67%         4    ####...
 Bolt of Draining         Conj/Necr      ###.......   67%         5    ######.
 Yara's Violent Unravell  Hex/Tmut       ###.......   80%         5    ######.
 Force Lance              Conj/Tloc      #.......     95%         4    ####...
 Iskenderun's Mystic Bla  Conj           #.......     95%         4    ####...
 Olgreb's Toxic Radiance  Pois           #.......     95%         4    ####...
 Petrify                  Tmut/Erth      #.......     95%         4    ####...
 Sticky Flame             Conj/Fire      #.......     95%         4    ####...
 Alistair's Intoxication  Tmut/Pois      #.......     100%        5    ######.
 Blade Hands              Tmut           #.........   100%        5    ######.
 Bolt of Magma            Conj/Fire/Erth #.........   100%        5    ######.
 Fireball                 Conj/Fire      #.........   100%        5    ######.
 Irradiate                Conj/Tmut      #.........   100%        5    ######.
 Lee's Rapid Deconstruct  Erth           #.........   100%        5    ######.
 Venom Bolt               Conj/Pois      #.........   100%        5    ######.
 Bolt of Cold             Conj/Ice       ##........   100%        6    #######
 Hydra Form               Tmut           #.........   100%        6    #######
 Iron Shot                Conj/Erth      #.........   100%        6    #######
 Statue Form              Tmut/Erth      #........    100%        6    #######
 Dragon Form              Tmut           #.........   100%        7    #######
 Summon Hydra             Summ           ###.......   100%        7    #######
 Discord                  Hex            ####......   100%        8    #######
 Shatter                  Erth           #.........   100%        9    #######


Dungeon Overview and Level Annotations

Branches:
Dungeon (15/15)            Temple (1/1) D:7            Lair (3/6) D:9
 Shoals (4/4) Lair:3        Snake (4/4) Lair:3          Orc (2/2) D:12
    Elf (3/3) Orc:2        Vaults (5/5) D:13          Crypt (0/3) Vaults:3
 Depths (5/5) D:15            Zot (5/5) Depths:5     Bailey (visited)
  IceCv (visited)

Altars:
Ashenzari
Cheibriados
Dithmenos
Elyvilon
Fedhas
Gozag
Hepliaklqana
Kikubaaqudgha
Makhleb
Nemelex Xobeh
Okawaru
Qazlal
Ru
Sif Muna
Trog
Uskayaw
Vehumet
Wu Jian
Xom
Yredelemnul
Zin
The Shining One
Beogh
Lugonu

Shops:
D:5 [   D:9 *   Orc:1 ?   Orc:2 *?%?   Elf:3 (   Vaults:2 ?   Vaults:3 ?
Vaults:4 [   Depths:5 :

Portals:
Hell: Depths:2 Depths:3 Depths:4 Depths:5
Abyss: Depths:3 Depths:4 Depths:5
Pandemonium: Depths:3
Ziggurat: Depths:5


Innate Abilities, Weirdness & Mutations

You are small and have problems with some larger weapons.
You are somewhat resistant to further mutation.
You expend magic power (3 MP) to strengthen your wands.


Message History

Evoke which item? (* to show all) (? for menu, Esc to quit)
Aiming: Dig
Press: ? - help, Shift-Dir - straight line A rock wall.
This square is covered in magical glow.
You feel a surge of power!
The rock shatters into small pieces.
Your extra speed is starting to run out.
You feel yourself slow down.
A hellwing comes into view.
You impale the hellwing!!
The hellwing is severely wounded.
You closely miss the hellwing.
The hellwing is severely wounded.
You block the hellwing's attack. The hellwing completely misses you.
You impale the hellwing!!
You kill the hellwing!
Qazlal accepts your kill.
You are feeling very hungry.
There is a staircase leading out of the dungeon here.
You have escaped!

#.....#.#......#
#####............#
......÷..........## #
######............### #
#.........##..÷....## #
#.#####...#..#####..## #
#........#..#○○...#..##
#
#######.#..#.§.○...#..##
#
######...#..○.@☼...#..#
#
#......#..#.......#..##
# #.#........#..§..#..##
## #.#.##...#.○#####..##
##. #.#.##.####.......##
########.#
#.#.##+###..###.###
#.......##
#.#.............#
#.####.##.
#.#.....####.#### #.#
#..##. #.#.....# #.####
#.##.#.##.


There were no monsters in sight!

Vanquished Creatures
  Mara (Snake:3)
  2 orbs of fire
  A juggernaut (Depths:5)
  7 ancient liches (Zot:5)
  2 Killer Klowns (Zot:5)
  Frederick (Depths:3)
  A shard shrike (Zot:5)
  Margery (Vaults:3)
  A curse toe (Zot:1)
  4 caustic shrikes
  7 golden dragons
  A profane servitor (Zot:2)
  2 bone dragons
  Nikola (Shoals:1)
  3 electric golems
  Jorgrun (D:12)
  17 tentacled monstrosities
  4 liches
  28 Orb Guardians
  An Ice Fiend (IceCv)
  2 deep elf blademasters (Elf:3)
  A deep elf master archer (Elf:3)
  2 titans (Vaults:5)
  4 quicksilver dragons
  The ghost of Teamumn the Minotaur Blade, an adept MiFi of Makhleb (Depths:2)
  An Executioner (D:1)
  2 sphinxes (Vaults:5)
  Polyphemus (Shoals:2)
  Kirke (Snake:4)
  5 death cobs
  Roxanne (Snake:4)
  An ancient champion (Vaults:3)
  An azure jelly (shapeshifter) (Depths:1)
  10 shadow dragons
  5 draconian monks
  7 tengu reavers
  The ghost of Dodagapa the Hand of Fortune, an adept DrAr of Nemelex Xobeh (Elf:2)
  13 storm dragons
  6 draconian knights
  19 nagarajas
  A daeva (Zot:5)
  Ilsuiw (Shoals:1)
  4 deep elf sorcerers
  A ghost moth (Zot:4)
  7 fire giants
  3 draconian scorchers
  8 iron dragons
  13 frost giants
  18 vault wardens
  An orc warlord (Orc:2)
  3 cacodemons (Depths:2)
  A draconian shifter (Zot:1)
  2 angels (Zot:3)
  2 draconian stormcallers
  4 deep elf elementalists
  30 very ugly things
  14 ironheart preservers
  A spriggan defender (Depths:2)
  4 draconian annihilators
  A reaper (D:14)
  2 entropy weavers
  6 green draconians
  12 stone giants
  10 deep elf demonologists
  4 black draconians
  3 war gargoyles
  9 deep elf annihilators
  3 vampire knights (Depths:4)
  7 red draconians
  7 yellow draconians
  11 spark wasps
  A spark wasp (shapeshifter) (Vaults:5)
  10 purple draconians
  4 white draconians
  2 green deaths
  4 merfolk javelineers
  6 deep elf death magi
  10 merfolk impalers
  11 great orbs of eyes
  Josephine (D:11)
  13 yaktaur captains
  6 deep elf high priests
  Harold (D:10)
  9 ettins
  Fannar (Orc:1)
  5 fire dragons
  15 ice dragons
  6 hydras
  4 rakshasas
  2 catoblepae (Abyss:3)
  3 spriggan air magi
  33 vault guards
  26 naga warriors
  2 hell beasts
  6 alligator snapping turtles
  A death knight (Vaults:4)
  3 centaur warriors
  11 anacondas
  2 merfolk avatars (Shoals:4)
  7 ogre magi
  2 satyrs (Shoals:4)
  8 merfolk aquamancers
  20 dancing weapons
  2 vampire magi
  An alligator snapping turtle (shapeshifter) (D:14)
  30 two-headed ogres
  8 deep troll earth magi
  The ghost of Zymi the Destroyer, a journeyman DECj of Vehumet (Lair:2)
  9 deep troll shamans
  2 tengu warriors
  A thrashing horror (Abyss:2)
  3 death yaks
  8 shock serpents
  5 spriggan berserkers
  18 naga sharpshooters
  8 hell knights
  4 spriggans
  Sonja (Lair:3)
  2 wretched stars (Abyss:2)
  6 salamander mystics
  A sun demon (Abyss:2)
  22 deep elf knights
  4 small abominations
  4 orc high priests (Orc:2)
  A fire crab (shapeshifter) (Vaults:2)
  The ghost of jtd910 the Archer, a novice CeAM of Okawaru (D:9)
  A shadow wraith (Abyss:2)
  5 skeletal warriors
  4 unseen horrors
  3 flayed ghosts
  A death drake (Abyss:3)
  A deep troll (shapeshifter) (D:15)
  17 sea snakes
  11 glowing orange brains
  A kraken simulacrum (Shoals:4)
  27 deep trolls
  9 naga ritualists
  8 deep elf archers
  16 ironbrand convokers
  An obsidian statue (Vaults:1)
  11 harpies
  8 necromancers
  2 wizards (Depths:2)
  A faun (shapeshifter) (Vaults:5)
  47 ugly things
  7 phantasmal warriors
  A frost giant zombie (Vaults:3)
  7 orc sorcerers
  2 orb spiders (shapeshifter)
  16 orc knights
  10 mana vipers
  11 manticores
  23 fauns
  5 wolf spiders
  A moth of wrath (shapeshifter) (Vaults:1)
  4 cyclopes
  56 deep elf magi
  13 salamanders
  Maurice (D:13)
  22 moths of wrath
  A cyclops (shapeshifter) (Vaults:2)
  2 centaur zombies
  5 large abominations
  7 guardian serpents
  10 merfolk sirens
  9 water nymphs
  An elephant (Lair:3)
  30 black mambas
  25 vault sentinels
  13 naga magi
  5 gargoyles
  A torpor snail (shapeshifter) (Vaults:1)
  6 spiny frogs
  A smoke demon (Abyss:2)
  A rust devil (Zot:5)
  An ice statue (IceCv)
  5 kobold demonologists
  2 rime drakes
  4 anaconda simulacra (IceCv)
  5 ice devils (IceCv)
  12 freezing wraiths
  4 komodo dragons
  52 yaktaurs
  3 hellwings
  A queen bee (Lair:3)
  A red devil (Zot:5)
  9 trolls
  4 catoblepas skeletons (Abyss:3)
  4 harpy zombies (Shoals:1)
  2 polar bears (shapeshifter)
  2 tengu conjurers
  A jumping spider (shapeshifter) (Vaults:2)
  A golden dragon simulacrum (IceCv)
  4 wind drakes
  A queen bee (shapeshifter) (Vaults:4)
  19 merfolk
  A wind drake (shapeshifter) (D:12)
  7 hornets
  5 polar bears
  6 blink frogs
  13 snapping turtles
  30 slime creatures
  4 dream sheep
  A raiju (shapeshifter) (Depths:2)
  4 raiju (Abyss:2)
  A snapping turtle (shapeshifter) (D:13)
  11 hippogriffs
  A frost giant simulacrum (Vaults:3)
  Sigmund (D:3)
  A shadow (Abyss:2)
  8 wraiths
  32 yaks
  5 air elementals
  2 tarantellas (shapeshifter)
  2 ynoxinuls
  12 water elementals
  A redback (Vaults:3)
  4 wyverns
  A yak (shapeshifter) (Vaults:5)
  4 hogs
  Grum (D:11)
  4 basilisks
  2 basilisks (shapeshifter) (Depths:2)
  Eustachio (D:6)
  2 chaos spawn (Abyss:2)
  A human (D:7)
  5 hungry ghosts
  A neqoxec (Abyss:3)
  A golden eye (shapeshifter) (Depths:2)
  5 human simulacra
  2 yaktaur simulacra (Vaults:2)
  59 nagas
  2 iron troll simulacra (IceCv)
  3 acid dragons (Vaults:1)
  10 wargs
  4 harpy simulacra (IceCv)
  3 hydra simulacra (IceCv)
  Duvessa (D:4)
  An acid dragon (shapeshifter) (D:15)
  10 water moccasins
  5 porcupines
  A porcupine (shapeshifter) (Depths:2)
  2 human skeletons (Vaults:2)
  A hornet zombie (D:11)
  6 ice beasts
  2 ice beasts (shapeshifter) (Depths:2)
  58 orc warriors
  An alligator simulacrum (IceCv)
  An eye of draining (Abyss:2)
  A phantom (D:7)
  A black bear (D:12)
  41 ogres
  A sky beast (D:11)
  18 boggarts
  2 ettin simulacra (IceCv)
  A wolf (shapeshifter) (Depths:2)
  A boggart (shapeshifter) (Depths:2)
  9 necrophages
  12 centaurs
  7 crocodiles
  20 wolves
  An orc skeleton (Vaults:2)
  A crocodile (shapeshifter) (Depths:2)
  5 big kobolds
  2 human zombies
  14 bullfrogs
  8 earth elementals
  Dowan (D:4)
  A glowing shapeshifter simulacrum (Vaults:2)
  2 scorpions
  A scorpion (shapeshifter) (Depths:2)
  An elf simulacrum (Vaults:1)
  28 killer bees
  6 electric eels
  14 wights
  9 crimson imps
  5 draconian simulacra (IceCv)
  A quasit (Depths:3)
  8 hounds
  3 jellies
  Crazy Yiuf (D:3)
  A gnoll shaman (D:5)
  30 orc priests
  30 orc wizards
  Ijyb (D:4)
  5 bullfrog skeletons
  5 centaur skeletons
  Terence (D:3)
  6 iguanas
  2 polar bear simulacra (IceCv)
  12 worker ants
  A hell rat (Lair:3)
  A spriggan simulacrum (IceCv)
  A hound skeleton (D:6)
  A worker ant zombie (D:5)
  10 gnolls
  2 ogre simulacra (IceCv)
  10 adders
  9 river rats
  2 naga simulacra (IceCv)
  4 shadow imps
  10 white imps
  10 ufetubi
  An ooze (D:5)
  An adder zombie (D:7)
  4 worms
  2 dart slugs
  6 leopard geckos
  121 orcs
  6 bats
  4 giant cockroaches
  14 goblins
  10 hobgoblins
  A jackal (shapeshifter) (Vaults:5)
  4 jackals
  4 quokkas
  2 ball pythons
  A frilled lizard (D:2)
  A giant cockroach zombie (D:5)
  21 kobolds
  2 leopard gecko skeletons
  19 rats
  A plant (Shoals:3)
2304 creatures vanquished.

Vanquished Creatures (collateral kills)
  Saint Roka (Orc:2)
  A nagaraja (Snake:4)
  Aizul (Shoals:1)
  3 slime creatures (D:15)
  The ghost of yuri the Summoner, a journeyman BaSu of Okawaru (Lair:3)
  A catoblepas (Shoals:2)
  A death yak (Shoals:1)
  2 naga sharpshooters (Snake:4)
  A shock serpent (Snake:2)
  A deep elf archer (Vaults:5)
  A large abomination (Vaults:5)
  An orc sorcerer (Orc:2)
  2 salamanders (Snake:3)
  An oklob plant (Lair:2)
  A black mamba (Snake:3)
  A rime drake (Lair:3)
  A golden dragon simulacrum (IceCv)
  An anaconda simulacrum (IceCv)
  A wind drake (Shoals:3)
  3 dream sheep (Shoals:3)
  A basilisk (shapeshifter) (Vaults:5)
  A naga (Snake:2)
  A harpy simulacrum (IceCv)
  An orc (Orc:2)
30 creatures vanquished.

Vanquished Creatures (others)
  An ancient lich (Zot:5)
  An orb of fire (Zot:5)
  A deep elf master archer (Elf:3)
  A frost giant (Depths:2)
  A vault warden (Vaults:2)
  An ironheart preserver (Vaults:5)
  5 stone giants
  A deep elf death mage (Elf:1)
  3 yaktaur captains
  3 satyrs
  A centaur warrior (Vaults:4)
  2 naga sharpshooters (Snake:4)
  A hell knight (Depths:5)
  A sea snake (Shoals:1)
  A phantasmal warrior (Vaults:5)
  2 cyclopes
  2 manticores
  2 fauns (Shoals:4)
  16 yaktaurs
  A yak (D:9)
  4 humans (Snake:4)
  2 nagas
  A large abomination (D:1)
  A centaur (D:9)
  A boggart (Vaults:2)
  An orc wizard (Vaults:5)
  5 orcs
  18 kobolds
  2 bushes
  A crawling corpse (Vaults:5)
  A fungus (Lair:2)
  A lurking horror (Abyss:2)
  14 plants
  4 starspawn tentacles (Abyss:3)
  11 tentacles (Shoals:4)
114 creatures vanquished.

Grand Total: 2448 creatures vanquished

Notes
Turn   | Place    | Note
-------+----------+-------------------------------------------
     0 | D:1      | lyrin the Halfling Assassin began the quest for the Orb.
     0 | D:1      | Reached XP level 1. HP: 14/14 MP: 1/1
    99 | D:1      | Reached skill level 2 in Fighting
    99 | D:1      | Reached XP level 2. HP: 12/19 MP: 2/2
   500 | D:1      | Reached XP level 3. HP: 24/24 MP: 3/3
  1114 | D:2      | Reached XP level 4. HP: 30/30 MP: 4/4
  1846 | D:3      | Noticed Sigmund
  1893 | D:3      | Found an ancient bone altar of Kikubaaqudgha.
  1944 | D:3      | Noticed Terence
  1951 | D:3      | Killed Terence
  1951 | D:3      | Reached XP level 5. HP: 35/36 MP: 5/5
  1980 | D:3      | Reached skill level 1 in Armour
  2111 | D:3      | Found a runed translucent door.
  2112 | D:3      | Noticed Crazy Yiuf
  2117 | D:3      | Killed Crazy Yiuf
  2117 | D:3      | Reached skill level 3 in Fighting
  2246 | D:3      | Found an ancient bone altar of Kikubaaqudgha.
  2629 | D:3      | Killed Sigmund
  2629 | D:3      | Reached skill level 5 in Short Blades
  2629 | D:3      | Reached XP level 6. HP: 33/42 MP: 6/6
  2758 | D:4      | Reached XP level 7. HP: 41/46 MP: 7/7
  3521 | D:4      | Noticed Duvessa
  3524 | D:4      | Noticed Dowan
  3547 | D:4      | Killed Duvessa
  3549 | D:4      | Killed Dowan
  3711 | D:4      | Found a snail-covered altar of Cheibriados.
  3742 | D:5      | Entered Level 5 of the Dungeon
  3786 | D:5      | Noticed Ijyb
  3798 | D:4      | Killed Ijyb
  3798 | D:4      | Reached XP level 8. HP: 54/54 MP: 8/8
  3811 | D:5      | Reached skill level 4 in Fighting
  3969 | D:5      | Reached skill level 5 in Armour
  4088 | D:5      | Found Acey's Antique Armour Shoppe.
  4096 | D:5      | Bought a pair of heavily runed boots for 247 gold pieces
  4101 | D:5      | Identified the +1 pair of boots of Broken Taboos {Slay+6
                  | SInv} (You bought it in a shop on level 5 of the Dungeon)
  4330 | D:5      | Reached XP level 9. HP: 57/59 MP: 9/9
  4629 | D:6      | Found a stormy altar of Qazlal.
  4954 | D:6      | Reached skill level 5 in Fighting
  5003 | D:6      | Noticed Eustachio
  5016 | D:6      | Killed Eustachio
  6071 | D:7      | Reached skill level 5 in Dodging
  6108 | D:7      | Found a hide-covered altar of Uskayaw.
  6261 | D:7      | Found a staircase to the Ecumenical Temple.
  6268 | D:7      | Reached XP level 10. HP: 65/65 MP: 10/10
  6276 | Temple   | Entered the Ecumenical Temple
  6337 | Temple   | Became a worshipper of Qazlal Stormbringer
  6449 | D:7      | Found a hazy altar of Hepliaklqana.
  6486 | D:7      | Found a shattered altar of Ashenzari.
  6488 | D:7      | Found an iron altar of Okawaru.
  6823 | D:7      | Reached skill level 10 in Short Blades
  6823 | D:7      | Reached skill level 1 in Invocations
  6847 | D:7      | Reached skill level 6 in Fighting
  7025 | D:8      | Found a sparkling altar of Nemelex Xobeh.
  7208 | D:8      | Noticed a two-headed ogre
  7214 | D:8      | Killed a two-headed ogre
  7214 | D:8      | Reached skill level 1 in Shields
  7524 | D:9      | Reached * piety under Qazlal
  7562 | D:9      | Found a staircase to the Lair.
  7590 | D:9      | Found a shimmering altar of Xom.
  7960 | D:9      | Found Hisa's Changing Room.
  8009 | D:9      | Found a white marble altar of Elyvilon.
  8268 | D:9      | Reached XP level 11. HP: 73/73 MP: 14/14
  8297 | D:9      | Found a runed translucent gate.
  8297 | D:9      | Found a runed translucent gate.
  8297 | D:9      | Found a runed translucent gate.
  8297 | D:9      | Noticed jtd910's ghost (novice CeAM)
  8471 | D:9      | Killed jtd910's ghost
  8520 | D:10     | Entered Level 10 of the Dungeon
  8527 | D:10     | Identified a scroll of acquirement
  8528 | D:10     | Got a fine quick blade
  8599 | D:10     | Found a flagged portal.
  8610 | D:10     | Reached ** piety under Qazlal
  8618 | D:10     | Identified the +8 quick blade "Garys" {pierce, rElec Int+3}
                  | (You acquired it on level 10 of the Dungeon)
  8620 | Bailey   | Entered a bailey
  8631 | Bailey   | Noticed an orc knight
  8644 | Bailey   | Gained mutation: Your flesh is heat resistant. (rF+)
                  | [potion of mutation]
  8652 | Bailey   | Killed an orc knight
  8861 | D:10     | Reached skill level 5 in Shields
  9257 | D:10     | Reached skill level 5 in Invocations
  9539 | D:11     | Reached skill level 7 in Fighting
  9605 | D:11     | Noticed an unseen horror
  9617 | D:11     | Killed an unseen horror
  9617 | D:11     | Reached *** piety under Qazlal
  9654 | D:11     | Noticed an unseen horror
  9660 | D:11     | Killed an unseen horror
  9664 | D:11     | Noticed Harold
  9664 | D:11     | Paralysed by Harold for 2 turns
  9674 | D:11     | Paralysed by Harold for 7 turns
  9699 | D:11     | Paralysed by Harold for 2 turns
  9704 | D:11     | Paralysed by Harold for 5 turns
  9862 | D:10     | Killed Harold
  9862 | D:10     | Reached XP level 12. HP: 65/81 MP: 16/16
  9952 | D:11     | Noticed Grum
  9997 | D:11     | Killed Grum
 10057 | D:11     | Noticed Josephine
 10086 | D:11     | Killed Josephine
 10086 | D:11     | Reached skill level 8 in Fighting
 10794 | D:12     | Noticed a five-headed hydra
 10807 | D:12     | Killed a five-headed hydra
 10973 | D:12     | Noticed a four-headed hydra
 10985 | D:12     | Killed a four-headed hydra
 10985 | D:12     | Reached **** piety under Qazlal
 11060 | D:12     | Noticed Jorgrun
 11141 | D:12     | Killed Jorgrun
 11141 | D:12     | Reached XP level 13. HP: 22/90 MP: 18/18
 11437 | D:12     | Reached skill level 9 in Fighting
 11607 | D:12     | Found a staircase to the Orcish Mines.
 12323 | D:13     | Noticed Maurice
 12333 | D:13     | Killed Maurice
 12346 | D:13     | Reached skill level 10 in Fighting
 12587 | D:13     | Noticed a vault guard
 12619 | D:12     | Killed a vault guard
 12701 | D:13     | Noticed a vault guard
 12752 | D:13     | Killed a vault guard
 12761 | D:13     | Reached skill level 10 in Dodging
 13058 | D:13     | Noticed a vault guard
 13073 | D:13     | Killed a vault guard
 13083 | D:13     | Noticed a vault guard
 13113 | D:13     | Killed a vault guard
 13135 | D:13     | Reached XP level 14. HP: 65/99 MP: 21/21
 13240 | D:13     | Reached skill level 11 in Fighting
 13448 | D:13     | Found a gate to the Vaults.
 13679 | D:14     | Reached ***** piety under Qazlal
 14358 | D:14     | Learned a level 3 spell: Regeneration
 14382 | D:15     | Entered Level 15 of the Dungeon
 14595 | D:15     | Reached skill level 1 in Spellcasting
 14595 | D:15     | Reached skill level 1 in Charms
 14595 | D:15     | Reached skill level 10 in Invocations
 14698 | D:15     | Reached skill level 1 in Necromancy
 14799 | D:15     | Got a scorched brass ring
 14801 | D:15     | Identified the ring of Adonnan {rCorr Dex+4 Slay+2} (You
                  | found it on level 15 of the Dungeon)
 15140 | D:15     | Found a glowing silver altar of Zin.
 15141 | D:15     | Noticed an angel
 15841 | D:15     | Reached skill level 12 in Fighting
 15851 | D:15     | Found a staircase to the Depths.
 15891 | D:15     | Reached XP level 15. HP: 85/108 MP: 22/22
 16184 | Orc:1    | Entered Level 1 of the Orcish Mines
 16469 | Orc:1    | Noticed Fannar
 16484 | Orc:1    | Killed Fannar
 16774 | Orc:2    | Entered Level 2 of the Orcish Mines
 17131 | Orc:2    | Found a staircase to the Elven Halls.
 17497 | Orc:2    | Found a roughly hewn altar of Beogh.
 17535 | Orc:2    | Found Recrunas's General Store.
 17550 | Orc:2    | Found Cott's Magic Scroll Shop.
 17555 | Orc:2    | Bought a scroll of enchant weapon for 112 gold pieces
 17833 | Orc:2    | Noticed an orc warlord
 17859 | Orc:2    | Killed an orc warlord
 18065 | Orc:2    | Reached skill level 5 in Charms
 18114 | Orc:2    | Noticed Saint Roka
 18487 | Orc:2    | Reached ****** piety under Qazlal
 18622 | Orc:2    | Found Basmiu's Magic Scroll Boutique.
 19028 | Orc:1    | Found Zosill's Magic Scroll Shop.
 19047 | Orc:1    | Bought a scroll of teleportation for 48 gold pieces
 19287 | Orc:2    | Killed Saint Roka
 19530 | Orc:2    | Found a roughly hewn altar of Beogh.
 19645 | Orc:2    | Found Raik's Food Shoppe.
 19726 | Orc:2    | Bought a scroll of acquirement for 520 gold pieces
 19729 | Orc:2    | Identified the ring of Gail {rF+ MR+ SInv Stlth+} (You
                  | acquired it on level 2 of the Orcish Mines)
 19960 | Lair:1   | Entered Level 1 of the Lair of Beasts
 20189 | Lair:1   | Reached XP level 16. HP: 116/116 MP: 24/24
 21194 | Lair:2   | Found a runed translucent door.
 21197 | Lair:2   | Noticed Zymi's ghost (journeyman DECj)
 21352 | Lair:2   | Killed Zymi's ghost
 21575 | Lair:3   | Noticed Sonja
 21584 | Lair:3   | Killed Sonja
 21584 | Lair:3   | Reached skill level 13 in Fighting
 21689 | Lair:3   | Found a transporter.
 21779 | Lair:3   | Found a staircase to the Shoals.
 22238 | Lair:3   | Found a staircase to the Snake Pit.
 22242 | Lair:3   | Found a transporter.
 22342 | Lair:3   | Noticed yuri's ghost (journeyman BaSu)
 22372 | Lair:3   | Killed yuri's ghost
 22825 | Shoals:1 | Entered Level 1 of the Shoals
 23184 | Shoals:1 | Noticed Nikola
 23200 | Shoals:1 | Killed Nikola
 23711 | Shoals:2 | Noticed Aizul
 23711 | Shoals:2 | Noticed Polyphemus
 23821 | Shoals:2 | Noticed Ilsuiw
 24190 | Shoals:1 | Killed Aizul
 24454 | Shoals:2 | Reached XP level 17. HP: 115/123 MP: 26/26
 24502 | Shoals:2 | Reached skill level 5 in Spellcasting
 24730 | Shoals:1 | Killed Ilsuiw
 24934 | Shoals:2 | Killed Polyphemus
 24934 | Shoals:2 | Reached skill level 10 in Shields
 25437 | Shoals:3 | Found a frozen archway.
 25475 | IceCv    | Entered an ice cave
 26607 | IceCv    | Noticed an Ice Fiend
 27158 | IceCv    | Killed an Ice Fiend
 27197 | IceCv    | Got a blackened hat
 27208 | IceCv    | Identified the +3 hat "Fituen" {-Cast rCorr Str+7 SInv}
                  | (You found it in an ice cave)
 27698 | Shoals:3 | Got a pitted ring mail
 27709 | Shoals:3 | Identified the +4 ring mail of the Lobster {Regen+ rCorr
                  | Dex+4 Slay+6} (You found it on level 3 of the Shoals)
 28063 | Shoals:4 | Entered Level 4 of the Shoals
 28313 | Shoals:4 | Reached XP level 18. HP: 116/129 MP: 28/28
 28428 | Shoals:3 | Learned a level 3 spell: Ozocubu's Armour
 28543 | Shoals:4 | Reached skill level 1 in Ice Magic
 28954 | Shoals:4 | Got a barnacled rune of Zot
 29061 | Shoals:4 | Reached skill level 15 in Shields
 29307 | Shoals:4 | Noticed a kraken
 29742 | Snake:1  | Entered Level 1 of the Snake Pit
 29886 | Snake:1  | Learned a level 4 spell: Summon Lightning Spire
 30112 | Snake:1  | Found a transporter.
 30132 | Snake:1  | Reached skill level 1 in Air Magic
 30226 | Snake:1  | Found a radiant altar of Vehumet.
 30443 | Snake:1  | Reached XP level 19. HP: 125/135 MP: 29/29
 30673 | Snake:1  | Found a transporter.
 30789 | Snake:2  | Reached skill level 14 in Fighting
 31418 | Snake:3  | Found a sparkling altar of Nemelex Xobeh.
 31457 | Snake:3  | Noticed Mara
 31477 | Snake:3  | Noticed lyrin's illusion
 31481 | Snake:3  | Killed Mara
 31923 | Snake:4  | Entered Level 4 of the Snake Pit
 32180 | Snake:4  | Reached skill level 5 in Ice Magic
 32292 | Snake:4  | Reached XP level 20. HP: 143/143 MP: 30/30
 32514 | Snake:4  | Noticed Kirke
 32528 | Snake:4  | Killed Kirke
 32528 | Snake:4  | Reached skill level 10 in Armour
 32573 | Snake:4  | Reached skill level 5 in Air Magic
 32709 | Snake:4  | Got a serpentine rune of Zot
 32803 | Snake:4  | Identified Roxanne's Reference Book on Transmutation
 32803 | Snake:4  | Noticed Roxanne
 33166 | Snake:4  | Reached skill level 15 in Invocations
 33569 | Snake:4  | Killed Roxanne
 33833 | Snake:4  | Reached skill level 15 in Fighting
 34176 | Elf:1    | Entered Level 1 of the Elven Halls
 34187 | Elf:1    | Reached XP level 21. HP: 151/151 MP: 32/32
 34745 | Elf:1    | Learned a level 1 spell: Confusing Touch
 35125 | Elf:2    | Found a runed translucent door.
 35125 | Elf:2    | Found a shimmering altar of Xom.
 35125 | Elf:2    | Identified the cursed +0 great mace "Neaneed" {chaos,
                  | Int+4}
 35125 | Elf:2    | Noticed Dodagapa's ghost (adept DrAr)
 35148 | Elf:2    | Killed Dodagapa's ghost
 35159 | Elf:2    | Identified Vehumet's Almanac of Battle Magic
 35172 | Elf:2    | Found an ancient bone altar of Kikubaaqudgha.
 35340 | Elf:2    | Found a runed translucent gate.
 35342 | Elf:2    | Found a runed translucent gate.
 35345 | Elf:2    | Found a runed translucent gate.
 35897 | Elf:3    | Entered Level 3 of the Elven Halls
 36403 | Elf:3    | Found Aggeblar's Antique Weapon Boutique.
 36430 | Elf:3    | Bought a dazzling rapier for 297 gold pieces
 36431 | Elf:3    | Identified the +4 rapier of the Egg {drain, Int+6 SInv}
                  | (You bought it in a shop on level 3 of the Elven Halls)
 36657 | Elf:3    | Reached skill level 16 in Fighting
 36926 | Elf:3    | Noticed a Brimstone Fiend
 36929 | Elf:3    | Noticed a Brimstone Fiend
 36945 | Elf:3    | Reached XP level 22. HP: 160/160 MP: 33/33
 37234 | Elf:3    | Identified the ring "Orebi" {Slay+6 SInv}
 37234 | Elf:3    | Identified the cursed +1 falchion "Tiymuthya" {slice, Int+3
                  | Dex+4}
 37254 | Elf:3    | Reached skill level 5 in Necromancy
 37360 | Elf:3    | Found the +3 pair of gauntlets of War {Slay+5}
 37363 | Elf:3    | Got a sparkling lead ring
 37438 | Elf:3    | Identified the ring "Buycri" {Str+3 Dex+5 Slay+5} (You
                  | found it on level 3 of the Elven Halls)
 37453 | Elf:3    | Got a transparent ring mail
 37455 | Elf:3    | Got a scorched chain mail
 37520 | Elf:3    | Identified the +1 ring mail "Voahust" {Str+6 Stlth-} (You
                  | found it on level 3 of the Elven Halls)
 37530 | Elf:3    | Identified the cursed +1 chain mail of the Monkey's Uncle
                  | {MR+} (You found it on level 3 of the Elven Halls)
 37538 | Elf:3    | Got an ancient scale mail
 37544 | Elf:3    | Identified the +6 scale mail of Polish {rElec rF+ Regen+
                  | Int+7} (You found it on level 3 of the Elven Halls)
 37892 | Vaults:1 | Entered Level 1 of the Vaults
 38117 | Vaults:1 | Reached skill level 1 in Summonings
 38586 | Vaults:1 | Reached skill level 17 in Fighting
 39656 | Vaults:2 | Reached XP level 23. HP: 169/169 MP: 35/35
 40415 | Vaults:2 | Found Leicer's Magic Scroll Shop.
 40424 | Vaults:2 | Bought a scroll of blinking for 112 gold pieces
 40424 | Vaults:2 | Bought a scroll of enchant weapon for 112 gold pieces
 40424 | Vaults:2 | Bought a scroll of teleportation for 45 gold pieces
 40424 | Vaults:2 | Bought a scroll of teleportation for 45 gold pieces
 40663 | Vaults:3 | Found Poukh's Magic Scroll Shop.
 40674 | Vaults:3 | Bought a scroll of fear for 59 gold pieces
 40674 | Vaults:3 | Bought a scroll of fear for 59 gold pieces
 40674 | Vaults:3 | Bought a scroll of blinking for 127 gold pieces
 40820 | Vaults:3 | Noticed Margery
 40842 | Vaults:3 | Killed Margery
 40911 | Vaults:3 | Reached skill level 10 in Air Magic
 40954 | Vaults:3 | Reached skill level 18 in Fighting
 41064 | Vaults:3 | Found a staircase to the Crypt.
 41407 | Vaults:4 | Found Myiny's Antique Armour Boutique.
 41962 | Vaults:4 | Reached XP level 24. HP: 177/179 MP: 35/35
 42261 | Vaults:4 | Reached skill level 5 in Summonings
 42305 | Vaults:4 | Reached skill level 19 in Fighting
 42998 | Vaults:5 | Entered Level 5 of the Vaults
 43047 | Vaults:5 | Identified the ring of the Jackalope {rF+ rC+ Dex+4}
 43126 | Vaults:5 | Identified the amulet of Xom's Ringing Laughter {Reflect
                  | rF+ MR+ Slay+4 SH+5}
 43159 | Vaults:5 | Noticed a golden dragon
 43202 | Vaults:4 | Killed a golden dragon
 43365 | Vaults:5 | Cast into level 2 of the Abyss (a deep elf sorcerer)
 43476 | Abyss:2  | Reached skill level 20 in Fighting
 43476 | Abyss:2  | Reached XP level 25. HP: 151/151 MP: 28/28
 43505 | Abyss:2  | Learned a level 5 spell: Silence
 43668 | Abyss:3  | Reached skill level 1 in Hexes
 43770 | Abyss:3  | Got an abyssal rune of Zot
 43779 | Vaults:5 | Escaped the Abyss
 44595 | Vaults:5 | Identified the ring of Jamuyros {*Contam rPois rN++ Str+3
                  | Dex+3}
 44647 | Vaults:5 | Got a silver rune of Zot
 45289 | Depths:1 | Entered Level 1 of the Depths
 45472 | Depths:1 | You fall into a shaft and drop 1 floor!
 45510 | Depths:2 | HP: 9/189 [frost giant/bolt of cold (47)]
 45512 | Depths:2 | Identified the +6 flail "Arecaddo" {crush, rC+ Int+2 Dex+2
                  | SInv}
 45512 | Depths:2 | HP: 4/189 [iron dragon/spray of metal splinters (21)]
 45513 | Depths:2 | Reached XP level 26. HP: 28/196 MP: 31/36
 45531 | Depths:3 | Noticed Frederick
 45544 | Depths:3 | Killed Frederick
 45544 | Depths:3 | Reached skill level 5 in Hexes
 45669 | Depths:3 | Reached skill level 10 in Necromancy
 45889 | Depths:3 | Found a one-way gate leading to the halls of Pandemonium.
 46143 | Depths:3 | Found a corrupted altar of Lugonu.
 46155 | Depths:3 | Found a one-way gate to the infinite horrors of the Abyss.
 46267 | Depths:3 | Found a gateway to Hell.
 46322 | Depths:3 | Learned a level 2 spell: Song of Slaying
 47154 | Depths:2 | Found a runed translucent gate.
 47155 | Depths:2 | Found a runed translucent gate.
 47156 | Depths:2 | Found a runed translucent gate.
 47265 | Depths:2 | Found a runed translucent gate.
 47265 | Depths:2 | Found a runed translucent gate.
 47267 | Depths:2 | Noticed Teamumn's ghost (adept MiFi)
 47270 | Depths:2 | Found a runed translucent gate.
 47308 | Depths:2 | Gained mutation: Your magical capacity is low. (-10% MP) [a
                  | cacodemon]
 47323 | Depths:2 | Killed Teamumn's ghost
 47329 | Depths:2 | Reached XP level 27. HP: 201/201 MP: 33/33
 47739 | Depths:2 | Got a pair of encrusted gloves
 47751 | Depths:2 | Identified the cursed +0 pair of gloves "Iqyq" {Dex+4} (You
                  | found it on level 2 of the Depths)
 47765 | Depths:2 | Learned a level 2 spell: Passwall
 48154 | Depths:4 | Reached skill level 15 in Armour
 49306 | Depths:5 | Entered Level 5 of the Depths
 49447 | Depths:5 | Noticed a juggernaut
 49482 | Depths:5 | Killed a juggernaut
 49837 | Depths:5 | Reached skill level 21 in Fighting
 50017 | Depths:5 | Got a smoking helmet
 50028 | Depths:5 | Identified the +2 helmet "Oligyiq" {-Tele rF+ Dex+5} (You
                  | found it on level 5 of the Depths)
 50132 | Depths:5 | Found Ynnuten's Book Emporium.
 50150 | Depths:5 | Found a gateway to a ziggurat.
 50491 | Depths:5 | Found a gate to the Realm of Zot.
 50699 | Zot:1    | Entered Level 1 of the Realm of Zot
 51349 | Zot:2    | Noticed an orb of fire
 51522 | Zot:1    | Gained mutation: Armour fits poorly on your strangely
                  | shaped body. [an orb of fire]
 51534 | Zot:1    | Killed an orb of fire
 52295 | Zot:3    | Reached skill level 22 in Fighting
 52340 | Zot:3    | Identified the amulet "Cofogoiw" {RegenMP Str+2 Dex+4
                  | Slay+3} (You found it on level 3 of the Realm of Zot)
 52354 | Zot:3    | You fall into a shaft and drop 1 floor!
 53421 | Zot:5    | Entered Level 5 of the Realm of Zot
 53646 | Zot:5    | Noticed an ancient lich
 53651 | Zot:5    | Noticed a Killer Klown
 53655 | Zot:5    | Reached skill level 23 in Fighting
 53656 | Zot:5    | Noticed an ancient lich
 53670 | Zot:5    | Killed an ancient lich
 53689 | Zot:5    | Killed an ancient lich
 53694 | Zot:5    | Noticed a shard shrike
 53694 | Zot:5    | a Killer Klown changed into a shard shrike
 53714 | Zot:5    | Killed a shard shrike
 53728 | Zot:5    | Noticed an orb of fire
 53730 | Zot:5    | Gained mutation: Your body sometimes deteriorates upon
                  | taking damage. [an orb of fire]
 53739 | Zot:5    | Noticed a Killer Klown
 53753 | Zot:5    | Killed an orb of fire
 53764 | Zot:5    | Killed a Killer Klown
 53770 | Zot:5    | Noticed an ancient lich
 53771 | Zot:5    | Noticed an orb of fire
 53798 | Zot:5    | Killed an orb of fire
 53818 | Zot:5    | Killed an ancient lich
 53818 | Zot:5    | Reached skill level 15 in Air Magic
 53842 | Zot:5    | Lost mutation: Your magical capacity is low. (-10% MP)
                  | [potion of mutation]
 53842 | Zot:5    | Lost mutation: Armour fits poorly on your strangely shaped
                  | body. [potion of mutation]
 53842 | Zot:5    | Lost mutation: Your body sometimes deteriorates upon taking
                  | damage. [potion of mutation]
 53842 | Zot:5    | Gained mutation: Your spells are a little harder to cast,
                  | but a little more powerful. [potion of mutation]
 53842 | Zot:5    | Gained mutation: You have a pair of small antennae on your
                  | head. [potion of mutation]
 53843 | Zot:5    | Lost mutation: You have a pair of small antennae on your
                  | head. [potion of mutation]
 53843 | Zot:5    | Lost mutation: Your flesh is heat resistant. (rF+) [potion
                  | of mutation]
 53843 | Zot:5    | Lost mutation: Your spells are a little harder to cast, but
                  | a little more powerful. [potion of mutation]
 53843 | Zot:5    | Gained mutation: You expend magic power (3 MP) to
                  | strengthen your wands. [potion of mutation]
 53867 | Zot:5    | Noticed an ancient lich
 53867 | Zot:5    | Noticed an ancient lich
 53891 | Zot:5    | Killed an ancient lich
 53905 | Zot:5    | Killed an ancient lich
 53978 | Zot:5    | Reached skill level 24 in Fighting
 54061 | Zot:5    | Noticed an ancient lich
 54089 | Zot:5    | Killed an ancient lich
 54090 | Zot:5    | Noticed an ancient lich
 54093 | Zot:5    | Noticed a Killer Klown
 54101 | Zot:5    | Noticed an ancient lich
 54103 | Zot:5    | Killed an ancient lich
 54118 | Zot:5    | Killed a Killer Klown
 54124 | Zot:5    | Killed an ancient lich
 54436 | Zot:5    | Got the Orb of Zot
 54572 | Zot:3    | Reached skill level 25 in Fighting
 54749 | Depths:4 | Noticed Joprohoa the pandemonium lord
 55128 | D:1      | Noticed Ytzeruoc the pandemonium lord
 55206 | D:$      | Escaped with the Orb!

Levels and vault maps discovered:
D:1:      scummos_arrival_hexagon, layout_basic, minmay_misc_feat_diagonals
D:2:      layout_rooms, first_ration
D:3:      layout_basic, kiku_gazebo_pond_becter, uniq_terence, uniq_sigmund,
          uniq_crazy_yiuf_cottage
D:4:      layout_rooms, lemuel_coloured_pillars_altar, serial_glass,
          glass_columns_a, glass_columns_a, glass_columns_a, glass_columns_b,
          glass_columns_b, glass_columns_b, glass_columns_b, glass_columns_b,
          dk_rats_in_the_wall, uniq_duvessa
D:5:      minmay_diamond_boxcup, layout_rooms, serial_shops, shop_statue,
          nzn_random_ring, uniq_ijyb
D:6:      layout_basic, serial_rivers, chequers_serial_rivers_large_a,
          chequers_serial_rivers_marsh, chequers_serial_rivers_room_b,
          chequers_serial_rivers_room_b, chequers_serial_rivers_large_b,
          chequers_serial_rivers_small_b, minivault_19,
          kb_lookout_dungeons_type, nicolae_qazlal_general_emergency,
          uniq_eustachio
D:7:      layout_loops_ring, kennysheep_mini_moat,
          nicolae_overflow_hidden_temple, minmay_temple_entry_grid,
          grunt_livestock, grunt_ministairs_1, serial_bayou_crossing
D:8:      layout_basic, lemuel_round_altar
D:9:      layout_loops_corners, marbit_many_paths, lair_entry_dummy,
          ebering_ghost_rock_garden, hangedman_abyss_or_decor_stagger,
          grunt_ministairs_4, nicolae_transmutations_shop, xom_confusion_cloud
D:10:     layout_roguey, enter_bailey_3
D:11:     layout_roguey, uniq_harold, uniq_josephine, uniq_grum
D:12:     layout_stronghold, minmay_orc_entry_guard_dogs, uniq_jorgrun
D:13:     layout_rooms, lightli_vaults_fourway_checkpoint, uniq_maurice
D:14:     layout_roguey, minmay_crystal_water
D:15:     gammafunk_enter_depths_forms, layout_stronghold, zin_angel
Temple:   eino_temple_water
Lair:1:   layout_loops_ring, cheibrodos_lair_lostbears
Lair:2:   layout_hall_layers, hellmonk_ghost_happy_afterlife
Lair:3:   regret_index_wax_grids, layout_hall_layers, elwin_shoals_entry_rocks,
          gammafunk_ghost_berserking_beasts, minmay_hedge_maze,
          roderic_carrion_pond, uniq_sonja
Shoals:1: layout_shoals, nicolae_shoals_undead_eyrie, uniq_nikola
Shoals:2: layout_shoals, uniq_ilsuiw, uniq_polyphemus, uniq_aizul
Shoals:3: layout_shoals, portal_ice_cave_entry_pillars_1
Shoals:4: shoals_end_grunt_ice, layout_shoals, shoal_ilsuiw,
          nicolae_shoals_aquamancer_cove
Snake:1:  gammafunk_sealed_library, layout_misc_corridors,
          nicolae_snake_single_loop, serial_bayou_pond_b
Snake:2:  layout_grid_shapes
Snake:3:  layout_rooms, basic_altar, grunt_megastairs_3, uniq_mara
Snake:4:  grunt_snake_rune_spirals, layout_onion_interference,
          nrook_guardian_serpent_ordinary, uniq_roxanne, uniq_kirke
Orc:1:    layout_caves, serial_shops, shop, uniq_fannar
Orc:2:    pubby_orc_utopia
Elf:1:    elf_arrival_002, layout_loops_cross, kennysheep_underground_church,
          minivault_26
Elf:2:    layout_geoelf_grid, ebering_ghost_xom, basic_altar, drop_trap,
          nicolae_elf_big_sculpture_1, serial_sigils_hangedman_gut
Elf:3:    elf_hall, layout_geoelf_castle, serial_shops, shop
Vaults:1: ontoclasm_vaults_idyll, vaults_dpeg_encased_lava,
          hangedman_vaults_corner, v_rooms_1, nicolae_vaults_twisting_passages,
          vaults_room_door_ring, ontoclasm_vaults_decontamination,
          hangedman_vaults_slice, nicolae_vaults_statue_guard,
          ontoclasm_vaults_idyll, nicolae_vaults_three_branches,
          nicolae_vaults_yaktaur_gun_rack, layout_vaults_omnicross
Vaults:2: vaults_mumra_chevron, v_misc_1, nicolae_vaults_ninety_degrees,
          serial_ice_g, nicolae_vaults_little_squares_4,
          nicolae_vaults_network_square, hangedman_vaults_stagger,
          hangedman_vaults_hat, nicolae_vaults_alarming,
          nicolae_vaults_little_squares_2, kb_rosetta,
          grunt_vaults_hallway_short, layout_vaults_ring, serial_shops, shop
Vaults:3: v_misc_23, minmay_crypt_entry_simple_plaza, vaults_dpeg_ring,
          nicolae_vaults_bisected_slash, v_misc_4, hangedman_vaults_slice,
          v_misc_33, nicolae_vaults_sealed_display, hangedman_vaults_pinch,
          ontoclasm_vaults_misaligned, vaults_mumra_hex, v_misc_23,
          vaults_room_door_ring, layout_vaults_maze_bifur, serial_shops, shop,
          uniq_margery
Vaults:4: v_misc_2, v_misc_24, nicolae_vaults_an_arrangement,
          ontoclasm_vaults_shuriken, vaults_room_mumra_shop_pool,
          nicolae_vaults_triangles, grunt_vaults_hallway_long,
          vaults_room_ringed_pool, v_alt_pattern_2, hangedman_vaults_maws,
          v_pattern_5, dpeg_vaults_monster_box, v_misc_17,
          nicolae_vaults_little_squares_6, layout_vaults_omnibox
Vaults:5
Depths:1: minmay_inside_and_out, layout_twisted_cross, grunt_mini_vestibule,
          nicolae_trove_entry_crystal, rand_demon_pan_entry_8, minivault_11,
          hangedman_decor_lopped, minmay_liquid_box, minmay_acid_items
Depths:2: grunt_crosshair, layout_cave_pools, minmay_door_square,
          pf_hell_entry_great_geh, ploomutoo_gammafunk_ghost_potion_laboratory
Depths:3: due_chaos_kobolds, layout_basic, rand_demon_pan_entry_4, hell_entry,
          minmay_misc_feat_roman, infiniplex_staircase_pool_lava,
          serial_bayou_shore_b, uniq_frederick
Depths:4: minmay_polygon_palace, layout_basic, abyss_entry_small_statue_room,
          hangedman_coc_ice_floe
Depths:5: grunt_zot_entry_gee_three, layout_cave_shapes, enter_ziggurat_d,
          abyss_entry, serial_shops, nicolae_shop_statue_plus, hell_entry
Zot:1:    layout_misc_corridors
Zot:2:    layout_misc_corridors
Zot:3:    layout_gridville
Zot:4:    layout_gridville
Zot:5:    layout_misc_corridors

Skill      XL: |  1  2  3  4  5  6  7  8  9 10 11 12 13 14 15 16 17 18 19 20 21 22 23 24 25 26 27 |
---------------+----------------------------------------------------------------------------------+-----
Fighting       | 2 3 4 5 6 7 8 10 12 13 14 15 16 17 18 20 25 | 25.1
Short Blades   | 3 4 5 6 7 9 11 12 14 | 14.0
Dodging        | 2 3 4 5 6 7 8 10 11 12 | 12.5
Armour         | 2 4 6 7 8 9 10 11 12 13 14 15 | 15.0
Invocations    | 4 6 7 9 10 11 12 13 14 15 16 17 18 20 22 | 22.6
Shields        | 2 5 8 13 15 19 20 | 20.0
Spellcasting   | 2 3 4 5 |  5.0
Charms         | 3 5 6 |  6.0
Necromancy     | 2 4 6 7 8 9 10 | 10.0
Ice Magic      | 3 5 |  5.0
Air Magic      | 1 4 7 8 9 10 11 12 15 | 15.0
Summonings     | 2 4 5 |  5.0
Hexes          | 4 5 8 |  8.0
Throwing       | |  2.0
Stealth        | |  4.3
Evocations     | |  0.2

Action                   |  1- 3 |  4- 6 |  7- 9 | 10-12 | 13-15 | 16-18 | 19-21 | 22-24 | 25-27 || total
-------------------------+-------+-------+-------+-------+-------+-------+-------+-------+-------++-------
Melee: Dagger            |    91 |    81 |   361 |   168 |       |       |       |       |       ||   701
       Quick blade       |       |       |       |   402 |  1407 |  1908 |  1465 |  1410 |  2566 ||  9158
       Rapier            |       |       |       |       |       |       |       |       |    38 ||    38
Throw: Dart              |       |     2 |     1 |       |       |       |       |       |       ||     3
       Throwing net      |       |       |       |       |       |       |       |       |     1 ||     1
 Cast: Regeneration      |       |       |       |       |     8 |     4 |       |       |     9 ||    21
       Song of Slaying   |       |       |       |       |       |       |       |       |    10 ||    10
       Summon Lightning  |       |       |       |       |       |       |       |       |     4 ||     4
       Confusing Touch   |       |       |       |       |       |       |       |       |     2 ||     2
       Silence           |       |       |       |       |       |       |       |       |     2 ||     2
Invok: Elemental Force   |       |       |       |     1 |    10 |    13 |     3 |     1 |     2 ||    30
       Upheaval          |       |       |       |       |     3 |     7 |     2 |       |     1 ||    13
       Disaster Area     |       |       |       |       |       |       |       |     2 |     1 ||     3
Evoke: Wand              |       |     1 |       |       |       |       |       |       |     2 ||     3
  Use: Scroll            |       |     2 |       |    15 |     8 |    12 |    12 |     4 |    17 ||    70
       Potion            |       |     1 |       |     9 |     1 |     1 |       |     3 |    12 ||    27
 Stab: Sleeping          |     5 |     1 |     8 |     5 |       |       |       |       |       ||    19
       Invisible         |       |     1 |       |     5 |       |       |       |       |    20 ||    26
       Paralysed         |       |     1 |       |       |       |       |       |       |       ||     1
       Distracted        |       |       |       |     1 |     2 |     2 |     2 |       |       ||     7
       Held in net/web   |       |       |       |       |       |     2 |       |       |       ||     2
       Confused          |       |       |       |       |       |       |       |       |     2 ||     2
  Eat: Chunk             |     1 |     4 |    12 |    17 |    24 |    24 |    21 |    18 |    32 ||   153
       Ration            |       |       |       |       |     2 |     3 |       |     1 |     2 ||     8
Armor: Robe              |    14 |       |       |       |       |       |       |       |       ||    14
       Chain mail        |       |    33 |       |       |       |       |       |       |       ||    33
       Scale mail        |       |     8 |    37 |       |       |       |       |       |       ||    45
       Ring mail         |       |       |    46 |    79 |    72 |   139 |    74 |    79 |   208 ||   697
       Skin              |       |       |       |    27 |       |       |       |       |       ||    27
Dodge: Dodged            |    43 |    48 |   164 |   189 |   225 |   574 |   257 |   242 |   756 ||  2498
       Deflected         |       |       |       |       |     9 |    44 |    43 |    10 |    44 ||   150
Block: Buckler           |       |       |       |   244 |   541 |   269 |       |       |       ||  1054
       Reflection        |       |       |       |    78 |    46 |   160 |   154 |    84 |   121 ||   643
       Shield            |       |       |       |       |       |  1046 |  1017 |  1002 |  1937 ||  5002

Table legend:
 A = Non-vault XP
 B = Vault XP
 C = Vault XP percentage of total XP
 D = Non-vault monster count
 E = Vault monster count
 F = Vault count percentage of total count
                 A         B        C        D         E       F
            +---------+---------+-------+---------+---------+-------
      Total |  756120 |  828564 |  52.3 |    1297 |    1084 |  45.5
            +---------+---------+-------+---------+---------+-------
        D:1 |      34 |       0 |   0.0 |      20 |       0 |   0.0
        D:2 |      78 |       0 |   0.0 |      19 |       0 |   0.0
        D:3 |      74 |     337 |  82.0 |      12 |       7 |  36.8
        D:4 |     183 |     340 |  65.0 |      11 |      20 |  64.5
        D:5 |     159 |     793 |  83.3 |      12 |      22 |  64.7
        D:6 |    1230 |     303 |  19.8 |      30 |       2 |   6.2
        D:7 |     311 |    1218 |  79.7 |       8 |       7 |  46.7
        D:8 |    1507 |       0 |   0.0 |      13 |       0 |   0.0
        D:9 |    1107 |     920 |  45.4 |      18 |       7 |  28.0
       D:10 |    2126 |    1078 |  33.6 |      28 |       5 |  15.2
       D:11 |    6239 |    2388 |  27.7 |      38 |       9 |  19.1
       D:12 |   10078 |    4062 |  28.7 |      50 |       6 |  10.7
       D:13 |    4945 |    6915 |  58.3 |      28 |      12 |  30.0
       D:14 |    4899 |     876 |  15.2 |      24 |       1 |   4.0
       D:15 |   19303 |    3151 |  14.0 |      39 |       8 |  17.0
     Lair:1 |    7613 |    1153 |  13.2 |      25 |       4 |  13.8
     Lair:2 |    6307 |     866 |  12.1 |      35 |       1 |   2.8
     Lair:3 |    3989 |    9861 |  71.2 |      17 |      60 |  77.9
   Shoals:1 |    9197 |    8242 |  47.3 |      19 |       9 |  32.1
   Shoals:2 |   12090 |    5589 |  31.6 |      28 |       6 |  17.6
   Shoals:3 |   14599 |    1509 |   9.4 |      30 |       3 |   9.1
   Shoals:4 |   22846 |   33178 |  59.2 |      43 |      47 |  52.2
    Snake:1 |   14349 |   14383 |  50.1 |      27 |      18 |  40.0
    Snake:2 |   10300 |       0 |   0.0 |      21 |       0 |   0.0
    Snake:3 |    8793 |   12034 |  57.8 |      18 |       9 |  33.3
    Snake:4 |   35685 |   65936 |  64.9 |      57 |      90 |  61.2
      Orc:1 |    1016 |    1028 |  50.3 |      20 |       1 |   4.8
      Orc:2 |       0 |   25179 | 100.0 |       0 |     147 | 100.0
      Elf:1 |   11403 |    6998 |  38.0 |      20 |      11 |  35.5
      Elf:2 |    5883 |   26767 |  82.0 |       9 |      33 |  78.6
      Elf:3 |   14200 |   46231 |  76.5 |      27 |      32 |  54.2
   Vaults:1 |   23242 |   17552 |  43.0 |      42 |      35 |  45.5
   Vaults:2 |   28757 |   18955 |  39.7 |      63 |      31 |  33.0
   Vaults:3 |   14969 |   42380 |  73.9 |      27 |      55 |  67.1
   Vaults:4 |   54890 |   42350 |  43.6 |      68 |      43 |  38.7
   Vaults:5 |   14624 |   95747 |  86.8 |      22 |      73 |  76.8
   Depths:1 |    5858 |    6390 |  52.2 |       5 |       5 |  50.0
   Depths:2 |   22149 |   61414 |  73.5 |      31 |      54 |  63.5
   Depths:3 |   31899 |   34262 |  51.8 |      49 |      30 |  38.0
   Depths:4 |   58789 |   20408 |  25.8 |      57 |      16 |  21.9
   Depths:5 |   75128 |   23830 |  24.1 |      59 |      17 |  22.4
      Zot:1 |   40890 |       0 |   0.0 |      19 |       0 |   0.0
      Zot:2 |   33378 |       0 |   0.0 |      22 |       0 |   0.0
      Zot:3 |    7851 |       0 |   0.0 |       4 |       0 |   0.0
      Zot:4 |   60924 |       0 |   0.0 |      39 |       0 |   0.0
      Zot:5 |   37115 |  164896 |  81.6 |      19 |      42 |  68.9
    Abyss:2 |   10847 |       0 |   0.0 |      22 |       0 |   0.0
    Abyss:3 |    4267 |    7741 |  64.5 |       3 |      20 |  87.0
     Bailey |       0 |    1078 | 100.0 |       0 |      28 | 100.0
      IceCv |       0 |   10226 | 100.0 |       0 |      58 | 100.0
            +---------+---------+-------+---------+---------+-------
